 Dungeon Crawl Stone Soup version 0.31-b1-18-g61460d1e46 (webtiles) character file.

Game seed: 3586956611098958312

51 NamelessAdventurer the Sneak (level 3, 0/29 HPs)
             Began as a Draconian Brigand on Jan 16, 2024.
             Slain by a gnoll
             ... wielding a +0 spear
              (4 damage)
             ... on level 2 of the Dungeon.
             The game lasted 00:04:48 (882 turns).

NamelessAdventurer the Sneak (Draconian Brigand)     Turns: 882, Time: 00:04:48

Health: 0/29       AC:  6    Str: 13    XL:     3   Next: 57%
Magic:  3/3        EV: 11    Int: 13    God:
Gold:   74         SH:  0    Dex: 12    Spells: 3/3 levels left

rFire   . . .        i - +2 flail "Heose" {freeze, +Blink rCorr}
rCold   . . .        (no shield)
rNeg    . . .        (body armour unavailable)
rPois   .            (helmet restricted)
rElec   .            b - +0 cloak
rCorr   +            (no gloves)
SInv    .            (no boots)
Will    .....        (no amulet)
Stlth   +++          (no ring)
HPRegen 0.24/turn    (no ring)
MPRegen 0.08/turn

%: no passive effects
@: no status effects
A: AC +5, unfitting armour, cold-blooded
a: Evoke Blink


You were on level 2 of the Dungeon.
You visited 1 branch of the dungeon, and saw 3 of its levels.

You collected 74 gold pieces.

Inventory:

Hand Weapons
 a - a +3 dagger
 i - the +2 flail "Heose" (weapon) {freeze, +Blink rCorr}
   (You found it on level 2 of the Dungeon)

   +Blink:    It lets you blink.
   rCorr:     It protects you from acid and corrosion.
Missiles
 c - 6 poisoned darts (quivered)
 d - 3 curare-tipped darts
Armour
 b - a +0 cloak (worn)
Scrolls
 j - a scroll of immolation {unknown}
 k - a scroll of identify {unknown}
Potions
 e - a potion of lignification {unknown}
 f - a potion of attraction {unknown}
 g - 2 potions of curing {unknown}
 h - a potion of heal wounds {unknown}


   Skills:
 * Level 2.3 Fighting
 * Level 2.1 Short Blades
 * Level 0.2 Maces & Flails
 * Level 2.1 Throwing
 * Level 1.1 Dodging
 * Level 4.4 Stealth
 * Level 0.5 Spellcasting
 * Level 0.2 Evocations


You had 3 spell levels left.
You didn't know any spells.
Your spell library was empty.

Dungeon Overview and Level Annotations

Branches:
Dungeon (3/15)

Altars:
Uskayaw


Innate Abilities, Weirdness & Mutations

Your plain brown scales are hard. (AC +5)
You cannot fit into any form of body armour.
You are cold-blooded and may be slowed by cold attacks.


Message History

There is an open door here.
There is a stone staircase leading down here.
You climb downwards.
A quokka comes into view.
The quokka moves out of view.
There is a stone staircase leading up here.
You now have 74 gold pieces (gained 7).
There is a stone staircase leading up here.
j - a scroll labelled PERRATTITY Throw: 8 darts (poison)
Press: ? - help, Q - select action, (/) - cycle Shift-Dir - straight line, f - quokka
Aim: a quokka (wandering, hasn't noticed you, 43% to hit)
You throw a poisoned dart.
The poisoned dart closely misses the quokka.
Throw: 7 darts (poison)
Press: ? - help, Q - select action, (/) - cycle Shift-Dir - straight line, f/p - quokka
Aim: a quokka (43% to hit)
You throw a poisoned dart. The poisoned dart hits the quokka.
The quokka is poisoned.
Unknown command.
You barely miss the quokka. The quokka barely misses you.
The quokka bites you but does no damage.
The quokka attacks as it pursues you! The quokka closely misses you.
You kill the quokka!
k - a scroll labelled LIWOODADAN The gnoll shouts!
The gnoll hits you but does no damage. The gnoll hits you with a +0 spear. x2
The gnoll hits you with a +0 spear. x2
There is a stone staircase leading up here.
You see here a poisoned dart.
The gnoll hits you with a +0 spear! The gnoll hits you but does no damage.
You climb upwards.
There is a stone staircase leading down here.
The gnoll hits you from afar with a +0 spear.
* * * LOW HITPOINT WARNING * * *
The gnoll barely misses you. The gnoll attacks as it pursues you!
The gnoll hits you from afar with a +0 spear.
You die...

#.#.###
##...........#... ####
##.....
##...##########.#. #..
....# ##.....## #... #.#
##..# ##.......## #...
#.#####...####.........#
#.#.
.†.).........'g........+
#...
#..##.#...####g........#
#... #..##.#...#
##.......## #.#.
#.........# ##@....##
#... ##.##.....# ##...##
#... ##.####.#.# ##'##
#.#. #.# #.#.# #.# #...
#.####.#.########.# #...
...............#)## #.#.
######.#######....######
#... ... #.........##
#... #.##.
#....###...####.#.


You could see 2 gnolls.

Vanquished Creatures
  A gnoll (D:2)
  2 adders (D:2)
  4 ball pythons (D:2)
  2 bats
  2 endoplasms
  3 hobgoblins
  4 kobolds
  A quokka (D:3)
  3 frilled lizards
  2 rats
24 creatures vanquished.

Notes
Turn   | Place    | Note
-------+----------+-------------------------------------------
     0 | D:1      | NamelessAdventurer the Draconian Brigand began the quest
                  | for the Orb.
     0 | D:1      | Reached XP level 1. HP: 17/17 MP: 1/1
    98 | D:1      | Reached skill level 1 in Dodging
   104 | D:1      | Reached XP level 2. HP: 20/24 MP: 2/2
   162 | D:2      | Reached skill level 4 in Stealth
   264 | D:2      | Found a hide-covered altar of Uskayaw.
   508 | D:2      | Identified the +2 flail "Heose" {freeze, +Blink rCorr}
   539 | D:2      | Reached XP level 3. HP: 29/29 MP: 3/3
   882 | D:2      | Slain by a gnoll

Illustrated notes

Levels and vault maps discovered:
D:1:      wander_arrival_abandoned_jail, layout_rooms, serial_shops,
          nicolae_shop_gibbet_a_chance, minmay_misc_feat_more_columns
D:2:      layout_loops_corners, basic_altar, columned_hall_lemuel
D:3:      layout_rooms, general_overflow_altar, serial_park_tiny_1

Skill      XL: |  1  2 |
---------------+-------+-----
Dodging        | 1 |  1.1
Stealth        | 4 |  4.4
Throwing       | 2 |  2.1
Fighting       | |  2.3
Short Blades   | |  2.1
Maces & Flails | |  0.2
Spellcasting   | |  0.5
Evocations     | |  0.2

Action                     || total
---------------------------++-------
  Melee: Dagger            ||    29
         Tailslap          ||     3
         Flail             ||    22
  Throw: Dart              ||    16
Ability: Evoke Blink       ||     1
    Use: Scroll            ||     3
   Stab: Sleeping          ||     6
 Armour: Skin              ||    46
  Dodge: Dodged            ||    37
